 Dungeon Crawl Stone Soup version 0.28-a0-10-g964c8b829e (webtiles) character file.

Game seed: 4378467031390628950

22 ezpacito the Skirmisher (level 2, 0/24 HPs)
             Began as a Demonspawn Abyssal Knight on July 25, 2021.
             Was a Follower of Lugonu.
             Slain by a gnoll (7 damage)
             ... on level 1 of the Dungeon.
             The game lasted 00:01:50 (820 turns).

ezpacito the Skirmisher (Demonspawn Abyssal Knight)  Turns: 820, Time: 00:01:51

Health: 0/24       AC:  4    Str: 12    XL:     2   Next: 68%
Magic:  4/4        EV: 11    Int: 13    God:    Lugonu [*.....]
Gold:   19         SH:  0    Dex: 12    Spells: 1/1 levels left

rFire   . . .      SeeInvis .   a - +1 hand axe
rCold   . . .      Faith    .   (no shield)
rNeg    + . .      Spirit   .   b - +1 leather armour
rPois   .          Reflect  .   (no helmet)
rElec   .          Harm     .   (no cloak)
rCorr   .          Rampage  .   (no gloves)
Will    .....                   (no boots)
Stlth   +.........              (no amulet)
HPRegen 0.08/turn               g - ring of positive energy
MPRegen 0.09/turn               (no ring)

@: no status effects
A: sturdy frame 1
a: Renounce Religion, Depart the Abyss


You were on level 1 of the Dungeon.
You worshipped Lugonu.
Lugonu was aware of your devotion.
You visited 1 branch of the dungeon, and saw 1 of its levels.
You visited the Abyss 1 time.

You collected 19 gold pieces.

Inventory:

Hand Weapons
 a - a +1 hand axe (weapon)
Missiles
 c - 40 stones
Armour
 b - a +1 leather armour (worn)
Jewellery
 g - a ring of positive energy (left hand)
Scrolls
 f - a scroll of identify {unknown}


   Skills:
 + Level 3.1 Fighting
 * Level 2.1 Axes
 * Level 2.1 Armour
 + Level 1.1 Dodging
 + Level 0.3 Spellcasting
 + Level 2.7 Invocations


You had one spell level left.
You didn't know any spells.
Your spell library contained the following spells:

 Spells                   Type           Power      Damage    Failure   Level
 Animate Skeleton         Necr           0%         N/A       32%         1
 Apportation              Tloc           0%         N/A       32%         1
 Corona                   Hex            0%         N/A       32%         1
 Summon Small Mammal      Summ           0%         N/A       32%         1


Dungeon Overview and Level Annotations

Branches:
Dungeon (1/15)

Altars:


Innate Abilities, Weirdness & Mutations

Your movements are slightly less encumbered by armour. (ER -2)


Message History

You hit the rat.
You kill the rat!
Lugonu accepts your kill.
No target in view!
No target in view!
A gnoll comes into view. It is wielding a +0 whip.
The gnoll shouts!
Found a scroll labelled QUASALA SUZURU.
A gnoll is nearby!
The gnoll barely misses you.
You hit the gnoll.
The gnoll is lightly wounded.
The gnoll hits you with a +0 whip!
You barely miss the gnoll.
The gnoll is lightly wounded.
The gnoll barely misses you.
You barely miss the gnoll.
The gnoll is lightly wounded.
The gnoll hits you with a +0 whip.
You are too injured to fight recklessly!
You are too injured to fight recklessly!
You are too injured to fight recklessly!
You are too injured to fight recklessly!
You are too injured to fight recklessly!
You are too injured to fight recklessly!
You are too injured to fight recklessly!
You are too injured to fight recklessly!
You aren't carrying any potions.
As you read the scroll labelled LEALIETEAR, it crumbles to dust.
A profound silence engulfs you.
It was a scroll of silence.
The gnoll hits you with a +0 whip!
* * * LOW HITPOINT WARNING * * *
Magic scrolls do not work when you're silenced!
You see here a rat corpse.
Your hearing returns.
As you read the scroll labelled XOOVIS QULEF, it crumbles to dust.
It is a scroll of enchant armour.
Your +0 leather armour glows green for a moment.
The gnoll hits you with a +0 whip!
You die...

..#######.#.#
############# .#
........#.#.####.......#.#
##.#
..#.###.#.#....#..##.#.#..
...? ..#.#
#.######..#..#.#.# #..#
#.#.# #.# #..#.##.#.# #..#
....# #.# #..#.##.#.# #..#
#.### #.# #..#....#.# #..#
#.......#.#
#..######.#####..#
#########.#
#@................
#.######g#######.#####..#
#......#.#######.## #..#
#####)##..........# #...
####.##.#############.##
#.........†.............
#.##.################... #
#.# #### ..#


You could see a gnoll.

Vanquished Creatures
  6 ball pythons (D:1)
  5 endoplasms (D:1)
  4 goblins (D:1)
  2 kobolds (D:1)
  A frilled lizard (D:1)
  A rat (D:1)
19 creatures vanquished.

Vanquished Creatures (others)
  A foxfire (Abyss:1)
1 creature vanquished.

Grand Total: 20 creatures vanquished

Notes
Turn   | Place    | Note
-------+----------+-------------------------------------------
     0 | Abyss:1  | ezpacito the Demonspawn Abyssal Knight began the quest for
                  | the Orb.
     0 | Abyss:1  | Reached XP level 1. HP: 18/18 MP: 2/2
    72 | Abyss:1  | Noticed a wretched star
    77 | Abyss:1  | Noticed a will-o-the-wisp
    77 | Abyss:1  | Noticed a wraith
    84 | D:1      | Escaped the Abyss
   339 | D:1      | Reached skill level 1 in Dodging
   370 | D:1      | Gained mutation: Your movements are slightly less
                  | encumbered by armour. (ER -2) [demonic ancestry]
   370 | D:1      | Reached XP level 2. HP: 21/24 MP: 3/3
   568 | D:1      | Found a faded altar of an unknown god.
   575 | D:1      | Reached * piety under Lugonu
   820 | D:1      | Slain by a gnoll

Illustrated notes

Levels and vault maps discovered:
D:1:      dpeg_arrival_circle_labyrinth_a, layout_basic, basic_ecumenical_altar,
          hangedman_abyss_or_decor_lesser_grid

Skill      XL: |  1  2 |
---------------+-------+-----
Dodging        | 1 |  1.1
Axes           | 2 |  2.1
Armour         | 2 |  2.1
Fighting       | |  3.1
Spellcasting   | |  0.3
Invocations    | |  2.7

Action                   || total
-------------------------++-------
Melee: Hand axe          ||    36
Invok: Depart the Abyss  ||     1
  Use: Scroll            ||     2
 Stab: Sleeping          ||     3
Armor: Leather armour    ||     8
Dodge: Dodged            ||    13

Table legend: (Time is in decaauts)
 A = Elapsed time spent in this place.
 B = Non-inter-level travel time spent in this place.
 C = Inter-level travel time spent in this place.
 D = Time resting spent in this place.
 E = Time spent auto-exploring this place.
 F = Levels seen in this place.
 G = Mean time per level.
                   A        B        C        D        E       F      G
               +--------+--------+--------+--------+--------+-----+--------+
         Total |    826 |    826 |      0 |      0 |    673 |   2 |  413.0 |
       Dungeon |    742 |    742 |      0 |      0 |    602 |   1 |  742.0 |
         Abyss |     84 |     84 |      0 |      0 |     71 |   1 |   84.0 |
               +--------+--------+--------+--------+--------+-----+--------+

Top non-repeatable levels by time:
     D:1: 742 daAuts
 Abyss:1: 84 daAuts
